 Dungeon Crawl Stone Soup version 0.29-a0-824-gd827844252 (webtiles) character file.

Game seed: 8185731091935345718

34 coolguy69 the Cutter (level 3, -2/15 (20) HPs)
             Began as a Vine Stalker Monk on July 10, 2022.
             Slain by a goblin
             ... wielding a +1 dagger of draining
             ... led by Robin
              (3 damage)
             ... on level 2 of the Dungeon.
             The game lasted 00:00:44 (999 turns).

coolguy69 the Cutter (Vine Stalker Monk)             Turns: 999, Time: 00:00:44

HP:   -2/15 (20)    AC:  2    Str: 15    XL:     3   Next: 31%
MP:   0/4           EV: 13    Int: 10    God:
Gold: 53            SH:  0    Dex: 16    Spells: 2/2 levels left

rFire   . . .      SeeInvis .   a - +0 short sword
rCold   . . .      Faith    .   (no shield)
rNeg    . . .      Spirit   +   b - +0 robe
rPois   .          Reflect  .   (no helmet)
rElec   .          Harm     .   (no cloak)
rCorr   .          Rampage  .   (no gloves)
Will    .....                   (no boots)
Stlth   ++........              (no amulet)
HPRegen 0.05/turn               (no ring)
MPRegen 0.09/turn               (no ring)

@: very heavily drained
A: fangs 2, magic shield, antimagic bite, no potion heal 2
a: no special abilities


You were on level 2 of the Dungeon.
You visited 1 branch of the dungeon, and saw 2 of its levels.

You collected 53 gold pieces.

Inventory:

Hand Weapons
 a - a +0 short sword (weapon)
Armour
 b - a +0 robe (worn)
Scrolls
 e - a scroll of poison {unknown}
 g - a scroll of teleportation {unknown}
 h - 2 scrolls of amnesia {unknown}
Potions
 c - a potion of ambrosia
 d - a potion of heal wounds {unknown}
 f - a potion of degeneration {unknown}


   Skills:
 + Level 3.0 Fighting
 + Level 3.3 Short Blades
 + Level 2.6 Dodging
 + Level 2.9 Stealth


You had 2 spell levels left.
You didn't know any spells.
Your spell library was empty.

Dungeon Overview and Level Annotations

Branches:
Dungeon (2/15)

Altars:

Annotations:
D:2 Robin


Innate Abilities, Weirdness & Mutations

You have extremely sharp teeth.
When hurt, damage is shared between your health and your magic reserves.
Your bite disrupts and absorbs the magic of your enemies.
Potions cannot restore your health.


Message History

You barely miss the hobgoblin.
You bite the hobgoblin, but do no damage.
The hobgoblin is almost dead.
Robin throws the goblin at you! The hobgoblin hits you.
The goblin barely misses you. The goblin closely misses you. x2
You hit the hobgoblin.
You kill the hobgoblin!
A goblin comes into view. It is wielding a +0 dagger.
Robin roars a battlecry!
The goblins go into a battle-frenzy!
The goblin barely misses you.
A goblin comes into view. It is wielding a +1 dagger of draining.
The goblin misses you.
The goblin shouts!
The goblin hits you with a +1 dagger of draining.
You feel drained. The goblin completely misses you.
The goblin hits you but does no damage. The goblin attacks as you move away!
The goblin hits you with a +0 club. The goblin attacks as you move away!
The goblin hits you but does no damage. Robin throws the goblin at you!
A goblin comes into view. It is wielding a +0 club.
The goblin hits you but does no damage.
You feel drained.
A goblin comes into view. It is wielding a +0 dagger.
The goblin hits you with a +0 club.
You closely miss the goblin. Your bite misses the goblin.
The goblin barely misses you.
A goblin comes into view. It is wielding a +0 club.
The goblin hits you with a +1 dagger of draining.
You feel drained. The goblin misses you.
Unknown command.
You closely miss the goblin. The goblin barely misses you.
The goblin closely misses you. The goblin hits you with a +0 club.
* * * LOW HITPOINT WARNING * * *
The goblin barely misses you. The goblin closely misses you.
Unknown command.
You hit the goblin.
The goblin is severely wounded.
The goblin barely misses you. The goblin hits you but does no damage.
The goblin hits you with a +1 dagger of draining.
You die...

#########
........##########
........'........#
..).....########g####.#
...#...## #g@gg...#
...#.#.########gg###..#
...#.#.........†g# #
##.#.###########g#
...#......^.....g#
#>..............g.
...#...<......####
...............
...............


You could see Robin and 9 goblins.

Vanquished Creatures
  A dart slug (D:1)
  5 ball pythons (D:1)
  4 endoplasms (D:1)
  3 giant cockroaches (D:1)
  3 goblins
  4 hobgoblins
  A quokka (D:1)
  3 bats (D:1)
  A frilled lizard (D:1)
  2 kobolds (D:1)
  2 rats (D:1)
29 creatures vanquished.

Notes
Turn   | Place    | Note
-------+----------+-------------------------------------------
     0 | D:1      | coolguy69 the Vine Stalker Monk began the quest for the
                  | Orb.
     0 | D:1      | Reached XP level 1. HP: 11/11 MP: 2/2
    82 | D:1      | Reached XP level 2. HP: 13/16 MP: 3/3
   730 | D:1      | Found a faded altar of an unknown god.
   823 | D:1      | Reached XP level 3. HP: 18/19 MP: 4/4
   989 | D:2      | Noticed Robin
   999 | D:2      | Slain by a goblin

Illustrated notes

Levels and vault maps discovered:
D:1:      minmay_arrival_shattered_statue, layout_loops_ring,
          chequers_ecumenical_altar_simple_redux
D:2:      layout_basic, uniq_robin

Skill      XL: |  1  2  3 |
---------------+----------+-----
Short Blades   | 3 |  3.3
Fighting       | 3 |  3.0
Dodging        | |  2.6
Stealth        | |  2.9

Action                   || total
-------------------------++-------
Melee: Short sword       ||    55
       Bite              ||    10
 Stab: Sleeping          ||     9
Armor: Robe              ||    13
Dodge: Dodged            ||    39

Table legend: (Time is in decaauts)
 A = Elapsed time spent in this place.
 B = Non-inter-level travel time spent in this place.
 C = Inter-level travel time spent in this place.
 D = Time resting spent in this place.
 E = Time spent auto-exploring this place.
 F = Levels seen in this place.
 G = Mean time per level.
                   A        B        C        D        E       F      G
               +--------+--------+--------+--------+--------+-----+--------+
         Total |    996 |    975 |     21 |      0 |    803 |   2 |  498.0 |
       Dungeon |    996 |    975 |     21 |      0 |    803 |   2 |  498.0 |
               +--------+--------+--------+--------+--------+-----+--------+

Top non-repeatable levels by time:
     D:1: 956 daAuts
     D:2: 40 daAuts
